 Dungeon Crawl Stone Soup version 0.21-a0-59-g7b0e191 (webtiles) character file.

13 grindst0ne the Sneak (level 2, 0/19 HPs)
             Began as a Vampire Enchanter on June 16, 2017.
             Slain by a jackal (1 damage)
             ... on level 1 of the Dungeon.
             The game lasted 00:01:27 (996 turns).

grindst0ne the Sneak (Vampire Enchanter)             Turns: 996, Time: 00:01:28

Health: 0/19       AC:  2    Str:  7    XL:     2   Next: 24%
Magic:  1/5        EV: 12    Int: 17    God:
Gold:   25         SH:  0    Dex: 14    Spells: 2/5 levels left

rFire    + . .     SeeInvis +   a - +1 dagger
rCold    . . .     Gourm    .   (no shield)
rNeg     + + .     Faith    .   b - +0 robe
rPois    .         Spirit   .   (no helmet)
rElec    .         Reflect  .   (no cloak)
rCorr    .         Harm     .   (no gloves)
MR       .....                  (no boots)
Stlth    +++.......             (no amulet)
HPRegen  0.06/turn              e - ring of positive energy
MPRegen  0.09/turn              (no ring)

@: no status effects
A: claws 1, fangs 3, see invisible, fire resistance 1, unbreathing
a: no special abilities


You were on level 1 of the Dungeon.
You were not thirsty.

You visited 1 branch of the dungeon, and saw 1 of its levels.

You collected 25 gold pieces.

Inventory:

Hand Weapons
 a - a +1 dagger (weapon)
Armour
 b - a +0 robe (worn)
 i - a +0 pair of boots
Jewellery
 e - a ring of positive energy (left claw)
Scrolls
 g - 2 scrolls of enchant weapon
 h - a scroll of teleportation {unknown}
Potions
 q - 2 potions of blood
Books
 c - a book of Maledictions

   Spells                             Type                      Level
   a - Corona                         Hexes                        1
   b - Ensorcelled Hibernation        Hexes/Ice                    2
   c - Confuse                        Hexes                        3
   d - Tukima's Dance                 Hexes                        3
   e - Dazzling Spray                 Conjuration/Hexes            3


   Skills:
 - Level 1.1 Short Blades
 - Level 2.1 Dodging
 + Level 5.3 Stealth
 - Level 2.0 Spellcasting
 + Level 4.8 Hexes


You had 2 spell levels left.
You knew the following spells:

 Your Spells              Type           Power        Failure   Level  Hunger
b - Ensorcelled Hibernat  Hex/Ice        #.....       11%         2    ###....
o - Corona                Hex            ###....      2%          1    #......


Dungeon Overview and Level Annotations

Branches:
Dungeon (1/15)

Altars:


Innate Abilities, Weirdness & Mutations

You have razor-sharp teeth.
You have supernaturally acute eyesight. (SInv)
You can survive without breathing.
You have sharp fingernails.
Your flesh is heat resistant. (rF+)


Message History

You hit the jackal but do no damage.
The jackal is severely wounded.
The jackal bites you but does no damage.
The jackal bites you.
* * * LOW HITPOINT WARNING * * *
You hit the jackal but do no damage.
The jackal is severely wounded.
The jackal bites you.
* * * LOW HITPOINT WARNING * * *
Okay, then.
The jackal bites you but does no damage.
The jackal bites you.
* * * LOW HITPOINT WARNING * * *
The bat hits the plant but does no damage.
The bat hits the plant but does no damage.
The bat hits the plant.
The bat hits the plant but does no damage. x2
The jackal completely misses you. The jackal bites you.
You die...

....# #.#.#.......#..
....# #.#.#.#######..
....# #.#.#.# #.. .####
#.....# #.. .# #hP♣P.#
#.. .# #.P...# ### .#
#.#...# .#
##########h#.#.# ##
#......@hb...#.#
#.########.###.#
#.#..........#.#
##########.#..#####.#÷#.#
...........#........#.#.#
#####################.#.#
#..♣.♣.♣......#.#
#########......#.######.#
..........#♣#♣.♣.# #.#


You could see 2 jackals and a bat.

Vanquished Creatures
  An ooze (D:1)
  A goblin (D:1)
  A hobgoblin (D:1)
  2 jackals (D:1)
  2 kobolds (D:1)
  A rat (D:1)
8 creatures vanquished.

Notes
Turn   | Place    | Note
-------+----------+-------------------------------------------
     0 | D:1      | grindst0ne the Vampire Enchanter began the quest for the Orb.
     0 | D:1      | Reached XP level 1. HP: 13/13 MP: 3/3
   165 | D:1      | Reached skill level 5 in Stealth
   728 | D:1      | Reached XP level 2. HP: 19/19 MP: 5/5
   732 | D:1      | Learned a level 2 spell: Ensorcelled Hibernation
   979 | D:1      | Gained mutation: You have sharp fingernails. [potion of mutation]
   979 | D:1      | Gained mutation: Your flesh is heat resistant. (rF+) [potion of mutation]
   996 | D:1      | Slain by a jackal

Vault maps used:
D:1:      lightli_arrival_farm, serial_forest, infiniplex_forest_end_3,
          infiniplex_forest_lined_2, infiniplex_forest_corner_2,
          infiniplex_forest_lined_2, infiniplex_forest_lined_corner,
          infiniplex_forest_clump_tiny, infiniplex_forest_clump_diagonal

Skill      XL: |  1 |
---------------+----+-----
Stealth        | 5 |  5.3
Short Blades   | |  1.1
Dodging        | |  2.1
Spellcasting   | |  2.0
Hexes          | |  4.8

Action                   || total
-------------------------++-------
Melee: Dagger            ||    26
       Bite              ||     1
 Cast: Ensorcelled Hiber ||     3
  Use: Scroll            ||     1
       Potion            ||     1
 Stab: Sleeping          ||     3
       Distracted        ||     1
Armor: Robe              ||    10
Dodge: Dodged            ||    23
